 Dungeon Crawl Stone Soup version bcrawl-1.21 (webtiles) character file.

Game seed: 10552866454019811827

55 MisterOstroum the Changer (level 3, -2/27 HPs)
             Began as a Merfolk Transmuter on Feb 15, 2020.
             Killed from afar by an orc wizard (12 damage)
             ... with a puff of flame
             ... on level 3 of the Dungeon.
             The game lasted 00:02:33 (2334 turns).

MisterOstroum the Changer (Merfolk Transmuter)      Turns: 2334, Time: 00:02:33

Health: -2/27      AC:  2    Str: 11    XL:     3   Next: 93%
Magic:  5/6        EV: 13    Int: 12    God:
Gold:   261        SH:  0    Dex: 14    Spells: 0/6 levels left

rFire    . . .     SeeInvis .     - Unarmed
rCold    . . .     Gourm    .   (no shield)
rNeg     . . .     Faith    .   b - +0 robe
rPois    .         Spirit   .   (no helmet)
rElec    .         Reflect  .   (no cloak)
rCorr    .         Harm     .   (no gloves)
MR       .....                  (no boots)
Stlth    +.........             c - amulet of the acrobat
HPRegen  0.09/turn              m - ring of flight
MPRegen  0.10/turn              (no ring)

@: appendage (expiring)
A: change form in water, swift swim, stealthy swim, horns 2
a: End Transformation, Evoke Flight


You were on level 3 of the Dungeon.
You were very hungry.
You had grown temporary horns.
You visited 1 branch of the dungeon, and saw 3 of its levels.

You collected 261 gold pieces.

Inventory:

Hand Weapons
 o - a +0 fustibalus
Missiles
 a - 301 arrows
 i - 193 sling bullets
 k - 539 stones (quivered)
Armour
 b - a +0 robe (worn)
Jewellery
 c - an amulet of the acrobat (around neck)
 m - a ring of flight (left hand)
 q - an uncursed ring of wizardry {unknown}
Scrolls
 f - a scroll of remove curse {unknown}
 h - a scroll of magic mapping {unknown}
 l - 3 scrolls of identify {unknown}
Potions
 d - a potion of lignification {@q6}
 g - a potion of heal wounds {unknown}
 j - 2 potions of berserk rage {unknown}
 p - a potion of degeneration {unknown}
 r - a potion of haste {unknown}
Comestibles
 e - 3 rations {!d}


   Skills:
 + Level 1.9 Fighting
 - Level 2.6 Dodging
 + Level 3.7 Unarmed Combat
 - Level 2.0 Spellcasting
 * Level 4.1 Transmutations
 * Level 1.1 Poison Magic


You couldn't memorise any spells.
You knew the following spells:

 Your Spells              Type           Power        Failure   Level  Hunger
a - Beastly Appendage     Tmut           ##....       4%          1    ##.....
b - Sticks to Snakes      Tmut           ##......     8%          2    ###....
c - Spider Form           Tmut/Pois      #..          26%         3    ####...

Your spell library contained the following spells:

 Spells                   Type           Power        Failure   Level  Hunger
 Ice Form                 Ice/Tmut       #.......     75%         4    #####..
 Blade Hands              Tmut           ##........   80%         5    ######.


Dungeon Overview and Level Annotations

Branches:
Dungeon (3/12)

Altars:
Gozag
Nemelex Xobeh


Innate Abilities, Weirdness & Mutations

You revert to your normal form in water.
You are very nimble and swift while swimming.
You are very stealthy in the water. (Stealth+)
You have a pair of horns on your head.


Message History

You feel sick.
You are no longer poisoned.
You open the door.
Found a sparkling altar of Nemelex Xobeh.
There is an open door here.
You close the door.
There is a sparkling altar of Nemelex Xobeh here.
You kneel at the altar of Nemelex Xobeh.
Unknown command.
Press < or > to pray at altars.
Magic restored.
Your magical contamination has completely faded away.
You open the door.
There is an open door here.
Found a stone staircase leading down.
You are feeling hungry.
Found a hunting sling.
You now have 246 gold pieces (gained 14).
You now have 261 gold pieces (gained 15).
You open the door.
There is an open door here.
l - 3 scrolls labeled JEKHUIMNEFI (gained 2)
k - 539 stones (gained 116)
Found a stone staircase leading down.
There is a stone staircase leading down here.
An orc comes into view.
The orc shouts!
You hear a shout!
An orc comes into view. It is wielding a +0 short sword.
The orc shouts!
An orc wizard comes into view. It is wielding a +0 dagger.
The orc wizard shouts!
You hit the orc.
The orc is heavily wounded.
An orc comes into view.
The orc shouts!
You hit the orc.
The orc is almost dead.
The orc misses you.
The orc wizard looks satisfied for a moment.
You hit the orc but do no damage.
The orc is almost dead.
The orc closely misses you.
You hit the orc.
You kill the orc!
You hit the orc.
The orc is heavily wounded.
The orc misses you.
You hit the orc.
You kill the orc!
The orc wizard closely misses you.
Items here: ) [ †† a +0 short sword; a +0 ring mail; an orc corpse x2
You hit the orc wizard.
The orc wizard is moderately wounded.
The orc wizard gestures at you while chanting.
The puff of flame hits you!
You hit the orc wizard.
The orc wizard is heavily wounded.
The orc wizard completely misses you.
You hit the orc wizard but do no damage.
The orc wizard is heavily wounded.
You completely miss the orc wizard.
The orc wizard is heavily wounded.
The orc wizard hits you with a +0 dagger.
You are too injured to fight recklessly!
You are too injured to fight recklessly!
You are too injured to fight recklessly!
You are too injured to fight recklessly!
You are too injured to fight recklessly!
You closely miss the orc wizard.
The orc wizard is heavily wounded.
The orc wizard hits you with a +0 dagger.
Casting: Spider Form (safe; 26% risk of failure)
Confirm with . or Enter, or press ? or * to list all spells.
You grow a pair of large bovine horns.
The orc wizard closely misses you.
You hit the orc wizard.
The orc wizard is severely wounded.
The orc wizard misses you.
You completely miss the orc wizard.
The orc wizard is severely wounded.
The orc wizard hits you with a +0 dagger.
You closely miss the orc wizard.
The orc wizard is severely wounded.
The orc wizard closely misses you.
You closely miss the orc wizard.
The orc wizard is heavily wounded.
The orc wizard hits you with a +0 dagger.
You closely miss the orc wizard. Your punch misses the orc wizard.
The orc wizard is heavily wounded.
The orc wizard hits you but does no damage.
You barely miss the orc wizard.
The orc wizard is heavily wounded.
The orc wizard miscasts a cantrip.
You closely miss the orc wizard.
The orc wizard is heavily wounded.
Your transformation is almost over.
You are feeling very hungry.
The orc wizard points at you and mumbles some strange words.
The puff of flame hits you!
You die...

#######....#
#..........
#....#
###########
##...# #.>.#
##.## #.#
#.# #.# #@#
#o# #o# #.#
#.# #.# #.#
#.#


You could see an orc wizard and an orc.

Vanquished Creatures
  An adder (D:3)
  A worm (D:1)
  4 leopard geckos
  2 orcs (D:3)
  A giant cockroach (D:2)
  2 goblins (D:1)
  3 hobgoblins (D:1)
  3 kobolds (D:1)
  A quokka (D:2)
  10 bats
  3 frilled lizards (D:1)
  7 rats
38 creatures vanquished.

Notes
Turn   | Place    | Note
-------+----------+-------------------------------------------
     0 | D:1      | MisterOstroum the Merfolk Transmuter began the quest for
                  | the Orb.
     0 | D:1      | Reached XP level 1. HP: 15/15 MP: 3/3
    14 | D:1      | Reached skill level 3 in Transmutations
    79 | D:1      | Reached XP level 2. HP: 18/21 MP: 5/5
   132 | D:1      | Learned a level 2 spell: Sticks to Snakes
   664 | D:1      | Reached XP level 3. HP: 18/27 MP: 6/6
   851 | D:1      | Learned a level 3 spell: Spider Form
  1668 | D:2      | Reached skill level 4 in Transmutations
  1860 | D:3      | Found an opulent altar of Gozag.
  2070 | D:3      | Reached skill level 1 in Poison Magic
  2098 | D:3      | Found a sparkling altar of Nemelex Xobeh.
  2334 | D:3      | Killed from afar by an orc wizard

Skill      XL: |  1  2  3 |
---------------+----------+-----
Transmutations | 3 4 |  4.1
Poison Magic   | 1 |  1.1
Fighting       | |  1.9
Dodging        | |  2.6
Unarmed Combat | |  3.7
Spellcasting   | |  2.0

Action                   || total
-------------------------++-------
Melee: Unarmed           ||   170
       Headbutt          ||     2
       Punch             ||     1
 Cast: Beastly Appendage ||     3
       Spider Form       ||     1
 Stab: Sleeping          ||     1
  Eat: Chunk             ||     4
Armor: Robe              ||    50
Dodge: Dodged            ||   182
